 Dungeon Crawl Stone Soup version 0.30-a0-953-g5f1da4a474 (webtiles) character file.

Game seed: 2497264341344101515

119 Dittersdorf the Shield-Bearer (level 5, -1/33 HPs)
             Began as a Gargoyle Fighter on Mar 28, 2023.
             Killed by divine providence
             ... invoked by an orc priest
              (13 damage)
             ... on level 3 of the Dungeon.
             The game lasted 00:01:58 (2400 turns).

Dittersdorf the Shield-Bearer (Gargoyle Fighter)    Turns: 2400, Time: 00:01:58

Health: -1/33      AC: 15    Str: 21    XL:     5   Next: 3%
Magic:  5/5        EV:  7    Int:  9    God:
Gold:   138        SH:  4    Dex:  9    Spells: 4/4 levels left

rFire   . . .      SeeInvis .    a - +0 flail
rCold   . . .      Faith    .    c - +0 buckler
rNeg    + . .      Spirit   .    i - +0 chain mail
rPois   ∞          Reflect  .    (no helmet)
rElec   +          Rampage  .    (no cloak)
rCorr   .                        b - +1 pair of gloves
Will    .....                    (no boots) Stlth
                                 (no amulet)
HPRegen 0.25/turn                (no ring)
MPRegen 0.09/turn                (no ring)

@: no status effects
A: sickness immunity, AC +4, negative energy resistance 1, electricity
resistance, torment resistance 1, petrification resistance
a: no special abilities


You were on level 3 of the Dungeon.
You visited 1 branch of the dungeon, and saw 4 of its levels.

You collected 138 gold pieces.

Inventory:

Hand Weapons
 a - a +0 flail (weapon)
Armour
 b - a +1 pair of gloves (worn)
 c - a +0 buckler (worn)
 i - a +0 chain mail (worn)
Wands
 l - a wand of paralysis (3)
Scrolls
 e - 2 scrolls of immolation {unknown}
 f - 10 scrolls of identify {unknown}
 g - a scroll of amnesia {unknown}
 h - a scroll of noise {unknown}
 m - a scroll of vulnerability {unknown}
 p - a scroll of enchant weapon {unknown}
 r - a scroll of blinking {unknown}
 s - a scroll of fog {unknown}
Potions
 d - a potion of might
 j - a potion of lignification {unknown}
 k - 2 potions of curing {unknown}
 n - a potion of heal wounds {unknown}
 o - a potion of haste {unknown}
 q - a potion of degeneration {unknown}
 t - a potion of invisibility {unknown}


   Skills:
 + Level 4.1 Fighting
 + Level 3.0 Maces & Flails
 + Level 4.1 Armour
 + Level 4.2 Shields


You had 4 spell levels left.
You didn't know any spells.
Your spell library contained the following spells:

 Spells                   Type           Power      Damage    Failure   Level
 Scorch                   Fire           0%         2d5       100%        2
 Call Canine Familiar     Summ           0%         N/A       100%        3
 Portal Projectile        Hex/Tloc       0%         N/A       100%        3
 Flame Wave               Conj/Fire      0%         2d4       100%        4
 Leda's Liquefaction      Hex/Erth       0%         N/A       100%        4
 Summon Cactus Giant      Summ           0%         N/A       100%        6


Dungeon Overview and Level Annotations

Branches:
Dungeon (4/15)
 Temple: D:4-7

Altars:
Ashenzari


Innate Abilities, Weirdness & Mutations

You are immune to sickness and miasma.
Your stone body is resilient. (AC +4)
You are immune to poison.
You resist negative energy. (rN+)
You are resistant to electric shocks. (rElec)
You are resistant to unholy torment.
You are immune to petrification.


Message History

You are too injured to fight recklessly!
You are too injured to fight recklessly!
You are too injured to fight recklessly!
You are too injured to fight recklessly!
You are too injured to fight recklessly!
You are too injured to fight recklessly!
You are too injured to fight recklessly!
You are too injured to fight recklessly!
You are too injured to fight recklessly!
You are too injured to fight recklessly!
You are too injured to fight recklessly!
You hit the orc priest.
The orc priest is moderately wounded.
The orc priest begins to cast a cantrip, but forgets the words!
The orc priest hits you with a +0 flail.
You hit the orc priest.
The orc priest is heavily wounded.
The orc priest hits you with a +0 flail.
You hit the orc priest.
The orc priest is severely wounded.
The orc priest closely misses you.
You barely miss the orc priest.
The orc priest is severely wounded.
The orc priest hits you but does no damage.
The orc priest invokes the aid of Beogh against you.
You barely resist. You closely miss the orc priest.
The orc priest is severely wounded.
You block the orc priest's attack.
You barely miss the orc priest.
The orc priest is severely wounded.
The orc priest hits you but does no damage.
You closely miss the orc priest.
The orc priest is severely wounded.
The orc priest closely misses you.
You closely miss the orc priest.
The orc priest is severely wounded.
The orc priest mumbles some strange prayers to Beogh against you.
Beogh smites you!
You die...

#..........................
#.....#.#...###............
###...........###............
#.....#......................
#..................#.........
##.....#.....................)
#......(...............##....#
###.........#.##+#......##....#
#...###.....#o@..........######
#.#.# #......................##
#.#####...........###...####..#
#.##......÷.......#...#........
#.................#.#.........#
##..................#..........
#...........................#.
#................###........#.
#................###........#.


You could see an orc priest.

Vanquished Creatures
  A jelly (D:3)
  2 adders (D:2)
  5 dart slugs
  An orc (D:3)
  4 bats
  4 endoplasms
  2 giant cockroaches
  8 goblins
  7 hobgoblins
  3 quokkas
  6 ball pythons
  2 frilled lizards
  6 kobolds
  4 rats (D:1)
55 creatures vanquished.

Notes
Turn   | Place    | Note
-------+----------+-------------------------------------------
     0 | D:1      | Dittersdorf the Gargoyle Fighter began the quest for the
                  | Orb.
     0 | D:1      | Reached XP level 1. HP: 14/14 MP: 1/1
    71 | D:1      | Reached XP level 2. HP: 19/19 MP: 2/2
   522 | D:1      | Found a faded altar of an unknown god.
   580 | D:1      | Reached XP level 3. HP: 23/23 MP: 3/3
  1318 | D:2      | Reached XP level 4. HP: 28/29 MP: 4/4
  2011 | D:3      | Reached XP level 5. HP: 26/33 MP: 5/5
  2311 | D:3      | Found a broken altar of Ashenzari.
  2400 | D:3      | Killed from afar by an orc priest

Illustrated notes

Levels and vault maps discovered:
D:1:      minmay_arrival_checkered_box, layout_basic,
          shapermc_ecumenical_altar_pompeii, minmay_hedge_maze,
          minmay_hexomino_f4
D:2:      kennysheep_big_flooded_room, layout_rooms, minmay_3d_cube
D:3:      layout_basic, ashenzari_conservatory_becter
D:4:      layout_basic, gammafunk_ghost_abyssal_escape, eino_tiny_chamber

Skill      XL: |  1  2  3  4 |
---------------+-------------+-----
Shields        | 4 |  4.2
Armour         | 4 |  4.1
Fighting       | 4 |  4.1
Maces & Flails | 3 |  3.0

Action                     |  1- 3 |  4- 6 || total
---------------------------+-------+-------++-------
  Melee: Flail             |   122 |    71 ||   193
 Armour: Scale mail        |    57 |       ||    57
         Chain mail        |    15 |    39 ||    54
  Dodge: Dodged            |    54 |    26 ||    80
  Block: Buckler           |    25 |     6 ||    31

Table legend: (Time is in decaauts)
 A = Elapsed time spent in this place.
 B = Non-inter-level travel time spent in this place.
 C = Inter-level travel time spent in this place.
 D = Time resting spent in this place.
 E = Time spent auto-exploring this place.
 F = Levels seen in this place.
 G = Mean time per level.
                   A        B        C        D        E       F      G
               +--------+--------+--------+--------+--------+-----+--------+
         Total |   2458 |   2317 |    141 |     39 |   1822 |   4 |  614.5 |
       Dungeon |   2458 |   2317 |    141 |     39 |   1822 |   4 |  614.5 |
               +--------+--------+--------+--------+--------+-----+--------+

Top non-repeatable levels by time:
     D:1: 1155 daAuts
     D:2: 654 daAuts
     D:3: 641 daAuts
     D:4: 6 daAuts
